Unix NetHack Version 5.0.0-0 post-release - last build May 17 2026 04:57:42 (dc50c8380fa5e20985bfe3072449f57b8d9895ef,branch:main).

Game began 2026-05-19 19:38:05, ended 2026-05-19 19:57:07.

Drastanta, lawful male human Knight

     --------                                                -------
     |......|                              ---------         |.....|
     |......|                              |:.......###      |.....|
     |.......###########                 ##........|  #######|.....|
     |......|       ##########           # |.......|        #......|
     -----.--             e -|---   ###### |.......|         |.....|
        ###               #@..(<|   #      |.......|         --.----
       ##                  @|...-####      ---------           ###
       #                   #|...|                                #
       #             #######|...-################                #
       #             #      -----               #             ---|--------
     --.-----  #######                          ## 0#####     |..........|
     |.......###             #################################|......>..(|
     |......|                                                 |..........|
     |......|                                                 ------------
     --+-----

Drastanta the Esquire    St:12 Dx:10 Co:11 In:7 Wi:16 Ch:18  Lawful
Dlvl:4  $:145 HP:0(41) Pw:23(23) AC:2  Xp:4 T:2305 

Latest messages:
 You see here an empty broken chest.
 You see here an empty broken chest.
 You are beginning to feel hungry.
 You swap places with your saddled pony.
 You swap places with your saddled pony.
 You stop.  Your saddled pony is in the way!
 You swap places with your saddled pony.
 You swap places with your saddled pony.
 You miss the floating eye.
 You are frozen by the floating eye's gaze!
 You are beginning to feel weak.
 You hear a chugging sound.
 You can move again.
 You miss the floating eye.
 You are frozen by the floating eye's gaze!
 The saddled pony hits the floating eye.
 The saddled pony is frozen by the floating eye's gaze!
 You can move again.
 Are you sure you want to pray? [yn] (n) y
 You begin praying to Lugh.
 You are surrounded by a shimmering light.
 You finish your prayer.
 You feel that Lugh is well-pleased.
 Your stomach feels content.
 You kill the floating eye!
 You see here an agate ring.
 C - an agate ring.
 You miss the gray ooze.
 You kill the gray ooze!
 You hear some noises.
 You hit the floating eye!
 You are frozen by the floating eye's gaze!
 The wererat hits!
 The wererat hits!
 The wererat misses!
 The wererat hits!
 The wererat changes into a rat.
 The wererat bites!
 The wererat bites!
 The wererat bites!
 The wererat misses!
 The wererat misses!
 The wererat changes into a human.
 The wererat hits!
 The wererat hits!
 The wererat hits!
 The wererat hits!
 The wererat hits!
 You die...
 Do you want your possessions identified? [ynq] (y) q

Inventory:
 Coins    ('$')
  $ - 145 gold pieces
 Weapons  (')')
  a - a +1 long sword (weapon in right hand)
 Armor    ('[')
  d - an uncursed +0 helmet (being worn)
  f - an uncursed +0 pair of leather gloves (being worn)
  e - an uncursed +0 small shield (being worn)
  i - an uncursed +0 elven mithril-coat (being worn)
 Comestibles  ('%')
  g - 3 uncursed apples
  h - 11 uncursed carrots
  k - an uncursed tripe ration
 Scrolls  ('?')
  s - an uncursed scroll of enchant weapon
  n - an uncursed scroll of identify
  p - an uncursed scroll of light
  m - a cursed scroll of remove curse
 Potions  ('!')
  r - an uncursed potion of gain ability
  t - 2 uncursed potions of healing
  q - an uncursed potion of water
 Rings    ('=')
  C - an uncursed ring of shock resistance
 Wands    ('/')
  j - a wand of light (0:13)
 Tools    ('(')
  o - an uncursed bell

Drastanta the Knight's attributes:

Background:
 You were an Esquire, a level 4 male human Knight.
 You were lawful, on a mission for Lugh
 who was opposed by Brigit (neutral) and Manannan Mac Lir (chaotic).
 You were right-handed.
 You were in the Dungeons of Doom, on level 4.
 You entered the dungeon 2305 turns ago.
 There was a new moon in effect when your adventure ended.
 You had 103 experience points, 57 more were needed to attain level 5.

Basics:
 You had 0 out of 41 hit points.
 You had all 23 energy points (spell power).
 Your armor class was 2.
 Your wallet contained 145 zorkmids.
 Autopickup was off.

Final Characteristics:
 Your strength was 12 (peak:15, limit:18/100).
 Your dexterity was 10 (limit:18).
 Your constitution was 11 (limit:18).
 Your intelligence was 7 (limit:18).
 Your wisdom was 16 (limit:18).
 Your charisma was 18 (limit:18).

Final Status:
 You weren't hungry.
 You were unencumbered.
 You were wielding a long sword.
 You had basic skill with long sword.

Final Attributes:
 You were piously aligned.
 You were telepathic.
 You could jump.
 You were guarded.
 You are dead.

Miscellaneous:
 You didn't encounter any bones levels.
 Total elapsed playing time was 19 minutes and 1 second.

Major events:
 Turn
    1: Drastanta the lawful male human Knight entered the dungeon
 1012: attained the rank of Esquire (level 3)
 2305: killed by a wererat, while frozen by a floating eye's gaze

You didn't know any spells.

Skills:
 Fighting Skills
   bare handed combat [Unskilled]
   two weapon combat  [Unskilled]
   riding             [Basic]
 Weapon Skills
   dagger             [Unskilled]
   knife              [Unskilled]
   axe                [Unskilled]
   pick-axe           [Unskilled]
   short sword        [Unskilled]
   broadsword         [Unskilled]
   long sword         [Basic]
   two-handed sword   [Unskilled]
   saber              [Unskilled]
   club               [Unskilled]
   mace               [Unskilled]
   morning star       [Unskilled]
   flail              [Unskilled]
   hammer             [Unskilled]
   polearms           [Unskilled]
   spear              [Unskilled]
   trident            [Unskilled]
   lance              [Basic]
   bow                [Unskilled]
   crossbow           [Unskilled]
 Spellcasting Skills
   attack spells      [Unskilled]
   healing spells     [Unskilled]
   clerical spells    [Unskilled]

Voluntary challenges:
 Character rerolling was not enabled.
 You were illiterate.
 You never genocided any monsters.
 You never polymorphed an object.
 You never changed form.
 You used no wishes.
Achievement:
 You attained the rank of Esquire.

 The Dungeons of Doom: levels 1 to 6
    Level 1:
       A fountain, a grave.
    Level 2:
       A fountain.
    Level 3:
       Many fountains, a grave.
    Level 4: <- You were here.
       Final resting place for
          you, killed by a wererat, while frozen by a floating eye's gaze.
    Level 5:
       A fountain.
    Level 6:


Vanquished creatures:
  a gray ooze
  a giant ant
  3 floating eyes
  a homunculus
  a giant bat
  a wererat
  2 acid blobs
  3 giant rats
  a brown mold
  a jackal
  a fox
  a goblin
  2 sewer rats
  2 lichens
  4 newts
25 creatures vanquished.

No species were genocided or became extinct.

Game over:
                       ----------
                      /          \
                     /    REST    \
                    /      IN      \
                   /     PEACE      \
                  /                  \
                  |    Drastanta     |
                  |      145 Au      |
                  |   killed by a    |
                  |     wererat      |
                  |                  |
                  |                  |
                  |       2026       |
                 *|     *  *  *      | *
        _________)/\\_//(\/(/\)/\//\/|_)_______

Fare thee well Drastanta the Knight...

You died in The Dungeons of Doom on dungeon level 4 with 793 points,
and 145 pieces of gold, after 2305 moves.
You were level 4 with a maximum of 41 hit points when you died.

